 Dungeon Crawl Stone Soup version 0.26-b1-32-g5d43845318 (webtiles) character file.

Game seed: 15657531516691387203

86 Arthanis the Firebug (level 4, -2/24 HPs)
             Began as a Deep Elf Fire Elementalist on Jan 11, 2021.
             Killed from afar by Sigmund (11 damage)
             ... with a puff of flame
             ... on level 3 of the Dungeon.
             The game lasted 00:02:40 (2788 turns).

Arthanis the Firebug (Deep Elf Fire Elementalist)   Turns: 2788, Time: 00:02:41

Health: -2/24      AC:  2    Str:  5    XL:     4   Next: 27%
Magic:  8/12       EV: 13    Int: 21    God:
Gold:   158        SH:  0    Dex: 15    Spells: 7/11 levels left

rFire    . . .     SeeInvis .   (no weapon)
rCold    . . .     Faith    .   (no shield)
rNeg     . . .     Spirit   .   a - +0 robe
rPois    .         Reflect  .   (no helmet)
rElec    .         Harm     .   (no cloak)
rCorr    .         Rampage  .   (no gloves)
Will     .....                  (no boots)
Stlth    ++........             (no amulet)
HPRegen  0.08/turn              (no ring)
MPRegen  0.13/turn              (no ring)

@: no status effects
A: no striking features
a: no special abilities


You were on level 3 of the Dungeon.
You visited 1 branch of the dungeon, and saw 3 of its levels.

You collected 158 gold pieces.

Inventory:

Armour
 a - a +0 robe (worn)
Jewellery
 i - an uncursed amulet of faith {unknown}
Wands
 m - a wand of enslavement (10)
Scrolls
 b - a scroll of identify {unknown}
 d - 4 scrolls of remove curse {unknown}
 g - a scroll of amnesia {unknown}
 h - a scroll of noise {unknown}
 k - a scroll of teleportation {unknown}
 n - a scroll of blinking {unknown}
 o - a scroll of random uselessness {unknown}
Potions
 c - 2 potions of brilliance {unknown}
 e - a potion of resistance {unknown}
 f - 3 potions of cancellation {unknown}
 j - a potion of ambrosia {unknown}
 l - a potion of berserk rage {unknown}
 p - a potion of degeneration {unknown}


   Skills:
 - Level 2.4 Dodging
 - Level 2.4 Stealth
 + Level 4.0 Spellcasting
 + Level 2.3 Conjurations
 * Level 4.6 Fire Magic


You had 7 spell levels left.
You knew the following spells:

 Your Spells              Type           Power        Failure   Level
a - Foxfire               Conj/Fire      72%          2%          1
b - Conjure Flame         Conj/Fire      18%          9%          3

Your spell library contained the following spells:

 Spells                   Type           Power        Failure   Level
 Inner Flame              Hex/Fire       14%          14%         3
 Sticky Flame             Conj/Fire      18%          28%         4
 Fireball                 Conj/Fire      9%           61%         5


Dungeon Overview and Level Annotations

Branches:
Dungeon (3/15)

Altars:
Kikubaaqudgha

Annotations:
D:3 Sigmund


Message History

Sigmund is moderately wounded.
The foxfire hits Sigmund.
Sigmund is heavily wounded.
Sigmund hits you from afar with a +0 scythe.
Your foxfire dissipates!
The foxfire hits the bat.
You kill the bat!
Casting: Foxfire (safe; 2% risk of failure)
Confirm with . or Enter, or press ? or * to list all spells.
Okay, then.
Unknown command.
Sigmund hits you from afar with a +0 scythe!
There is an open door here.
You close the door.
Sigmund opens the door.
You see here a leather armour.
Sigmund flickers, as though insubstantial.
Sigmund gestures at you while chanting. The puff of flame hits you!
You die...

#########
........#########################
........'.[.@...@................
......†.############.#########...
......†.# #.#########...
........# #.............
........# #.............
........' #.............
........# #.............
##'#..... #............. #.#.####
#(............


You could see Sigmund.

Vanquished Creatures
  Jessica (D:3)
  An adder (D:2)
  A worm (D:2)
  A dart slug (D:1)
  3 leopard geckos (D:1)
  An orc (D:3)
  2 giant cockroaches (D:1)
  5 hobgoblins
  A quokka (D:2)
  9 bats
  A frilled lizard (D:3)
  5 goblins
  6 kobolds
  4 rats
41 creatures vanquished.

Vanquished Creatures (collateral kills)
  3 foxfires (D:3)
3 creatures vanquished.

Vanquished Creatures (others)
  180 foxfires
  3 plants (D:3)
183 creatures vanquished.

Grand Total: 227 creatures vanquished

Notes
Turn   | Place    | Note
-------+----------+-------------------------------------------
     0 | D:1      | Arthanis the Deep Elf Fire Elementalist began the quest for
                  | the Orb.
     0 | D:1      | Reached XP level 1. HP: 10/10 MP: 6/6
   240 | D:1      | Reached XP level 2. HP: 15/15 MP: 4/8
  1391 | D:2      | Reached XP level 3. HP: 12/19 MP: 2/10
  1554 | D:2      | Learned a level 3 spell: Conjure Flame
  1556 | D:2      | Found an ancient bone altar of Kikubaaqudgha.
  1948 | D:3      | Noticed Sigmund
  2278 | D:3      | Noticed Jessica
  2284 | D:3      | Killed Jessica
  2285 | D:3      | Reached XP level 4. HP: 24/24 MP: 4/12
  2788 | D:3      | Killed from afar by Sigmund

Illustrated notes

Levels and vault maps discovered:
D:1:      nzn_arrival_water_spiral, layout_loops_ring, minmay_cut_off
D:2:      layout_basic, kiku_gazebo_garden_becter, kennysheep_small_spiral,
          minmay_splitting_lines
D:3:      wad_lake_hut, layout_basic, gammafunk_ghost_smash, uniq_sigmund,
          uniq_jessica

Skill      XL: |  1  2  3 |
---------------+----------+-----
Fire Magic     | 4 |  4.6
Conjurations   | 2 |  2.3
Spellcasting   | 4 |  4.0
Dodging        | |  2.4
Stealth        | |  2.4

Action                   |  1- 3 |  4- 6 || total
-------------------------+-------+-------++-------
Melee: Unarmed           |     4 |       ||     4
 Cast: Foxfire           |   103 |    25 ||   128
Armor: Robe              |     8 |     1 ||     9
Dodge: Dodged            |    16 |     2 ||    18
